 Dungeon Crawl Stone Soup version 0.24-a0-284-g9fb9971df1 (webtiles) character file.

Game seed: 52593364769791584

735 Ordine the Slasher (level 7, -2/48 HPs)
             Began as an Octopode Fighter on May 7, 2019.
             Was a Follower of Dithmenos.
             Slain by a phantom (8 damage)
             ... on level 5 of the Dungeon.
             The game lasted 00:15:54 (4446 turns).

Ordine the Slasher (Octopode Fighter)               Turns: 4446, Time: 00:15:55

Health: -2/48      AC:  1    Str: 16    XL:     7   Next: 74%
Magic:  7/7        EV: 12    Int: 12    God:    Dithmenos [*.....]
Gold:   185        SH: 10    Dex: 11    Spells: 6/6 levels left

rFire    . . .     SeeInvis +   a - +0 long sword
rCold    . . .     Gourm    +   b - +1 shield
rNeg     . . .     Faith    .   (helmet restricted)
rPois    .         Spirit   .   l - amulet of the gourmand
rElec    .         Reflect  .   f - ring of flight
rCorr    .         Harm     .   o - ring of see invisible
MR       .....                  (no ring)
Stlth    ++........             (no ring)
HPRegen  0.16/turn              (no ring)
MPRegen  0.10/turn              (no ring)
                                (no ring)
                                (no ring)

@: wreathed by umbra
A: almost no armour, stealthy swim, amphibious, 8 rings, constrict 8, camouflage
1, gelatinous body 1
a: Renounce Religion, Evoke Flight


You were on level 5 of the Dungeon.
You worshipped Dithmenos.
Dithmenos was aware of your devotion.
You were completely stuffed.

You visited 1 branch of the dungeon, and saw 5 of its levels.

You collected 185 gold pieces.

Inventory:

Hand Weapons
 a - a +0 long sword (weapon)
Armour
 b - a +1 shield (worn)
Jewellery
 f - a ring of flight (left tentacle)
 l - an amulet of the gourmand (around mantle)
 o - a ring of see invisible (right tentacle)
Wands
 m - a wand of disintegration (18)
 n - a wand of acid (2)
Scrolls
 i - 2 scrolls of remove curse
 r - a scroll of amnesia
 s - a scroll of fog
 t - a scroll of magic mapping
Potions
 c - 2 potions of might
 e - 2 potions of ambrosia
 g - a potion of curing
 h - a potion of invisibility
 j - 2 potions of cancellation {unknown}
 k - a potion of resistance
 p - a potion of heal wounds {unknown}
 q - a potion of mutation {unknown}
Comestibles
 d - 11 rations
 u - a chunk of flesh


   Skills:
 - Level 4.0 Fighting
 * Level 6.7 Long Blades
 - Level 3.0 Dodging
 + Level 5.3 Shields


You had 6 spell levels left.
You didn't know any spells.
Your spell library contained the following spells:

 Spells                   Type           Power        Failure   Level  Hunger
 Freeze                   Ice            #...         75%         1    ##.....
 Throw Frost              Conj/Ice       #.....       86%         2    ###....
 Ozocubu's Armour         Chrm/Ice       #.......     98%         3    ####...
 Summon Ice Beast         Ice/Summ       #.......     100%        4    #####..
 Throw Icicle             Conj/Ice       #.......     100%        4    #####..


Dungeon Overview and Level Annotations

Branches:
Dungeon (5/15)
 Temple: D:4-7

Altars:
Dithmenos
Makhleb
Qazlal

Shops:
D:4 :(*[   D:5 %


Innate Abilities, Weirdness & Mutations

You cannot wear most types of armour.
You are very stealthy in the water. (Stealth+)
You are amphibious.
You can wear up to eight rings at the same time.
You can use your tentacles to constrict eight enemies at once.
Your skin changes colour to match your surroundings (Stealth+).
Your rubbery body absorbs attacks. (AC +1, EV +1)


Message History

The phantom closely misses you.
You hit the phantom but do no damage.
The phantom is severely damaged.
The phantom hits you.
The phantom blinks!
You hit the phantom.
The phantom is almost destroyed.
The phantom hits you.
You barely miss the phantom. Your squeeze misses the phantom.
The phantom is almost destroyed.
The phantom hits you.
* * * LOW HITPOINT WARNING * * *
You hit the phantom but do no damage. You squeeze the phantom.
The phantom is almost destroyed.
You block the phantom's attack.
You hit the phantom.
The phantom is almost destroyed.
The phantom hits you!
* * * LOW HITPOINT WARNING * * *
The phantom hits you!
You die...

#. #.#..# ######.#
###..##.#.# #. ..#..#
##'## #..##.#.# # #.##..#
##...## #........ .. (..#
##.....## #.#.###.#
##.<.....###.#..##.#
..####.........##.......#
.....'........('.........
..#..#.........####...###
........@.....## ##..##
##.####.W....## #...#
#.#...## #...# #$##'##
#...# #.##.# #..(# ..##.#
#...# #.##.# #...# #.#...
#...# ... ##.##


You could see a phantom.

Vanquished Creatures
  3 ogres (D:5)
  A centaur (D:5)
  2 howler monkeys (D:5)
  Crazy Yiuf (D:2)
  An orc wizard (D:3)
  A centaur skeleton (D:5)
  Terence (D:2)
  2 worker ants (D:5)
  Robin (D:2)
  5 adders
  A shadow imp (D:5)
  2 adder skeletons (D:4)
  4 worms
  2 dart slugs
  A leopard gecko (D:5)
  6 orcs
  3 bats
  7 giant cockroaches
  12 goblins
  14 hobgoblins
  4 jackals
  3 quokkas
  A ball python (D:1)
  3 frilled lizards
  7 kobolds
  A quokka skeleton (D:5)
  11 rats
  A fungus (D:2)
101 creatures vanquished.

Notes
Turn   | Place    | Note
-------+----------+-------------------------------------------
     0 | D:1      | Ordine the Octopode Fighter began the quest for the Orb.
     0 | D:1      | Reached XP level 1. HP: 16/16 MP: 1/1
    27 | D:1      | Reached XP level 2. HP: 13/21 MP: 2/2
   510 | D:1      | Reached XP level 3. HP: 20/26 MP: 3/3
   765 | D:2      | Found a burning altar of Makhleb.
   765 | D:2      | Noticed a cacodemon
   890 | D:2      | Reached skill level 3 in Long Blades
   891 | D:2      | Noticed Robin
   906 | D:2      | Killed Robin
  1212 | D:2      | Reached XP level 4. HP: 25/31 MP: 4/4
  1743 | D:2      | Noticed Terence
  1750 | D:2      | Killed Terence
  1920 | D:2      | Found a stormy altar of Qazlal.
  2028 | D:2      | Found a runed translucent door.
  2029 | D:2      | Noticed Crazy Yiuf
  2036 | D:2      | Killed Crazy Yiuf
  2036 | D:2      | Reached XP level 5. HP: 23/37 MP: 5/5
  2171 | D:3      | Reached skill level 4 in Long Blades
  2221 | D:3      | Found a shadowy altar of Dithmenos.
  2238 | D:3      | Became a worshipper of Dithmenos the Shadowed
  2952 | D:4      | Reached XP level 6. HP: 43/43 MP: 6/6
  2963 | D:4      | Found Cebigex's Book Shoppe.
  3095 | D:4      | Found Heapnu Qotef's Antique Weapon Shop.
  3232 | D:4      | Found Poevvuaqo's General Store.
  3384 | D:4      | Found Gunewoim's Armour Boutique.
  3645 | D:5      | Entered Level 5 of the Dungeon
  3677 | D:5      | Reached * piety under Dithmenos
  3715 | D:5      | Reached skill level 5 in Long Blades
  3718 | D:5      | Reached XP level 7. HP: 40/48 MP: 7/7
  3822 | D:5      | Found Feash's Food Shoppe.
  3841 | D:5      | Reached skill level 6 in Long Blades
  3857 | D:5      | Reached skill level 5 in Shields
  4446 | D:5      | Slain by a phantom

Levels and vault maps discovered:
D:1:      ebering_trefoil_twist, layout_rooms, grunt_decor_one_mirror
D:2:      layout_loops_ring, marbit_many_paths, hangedman_abyss_or_decor_stabs,
          makhleb_altar_promises_db, uniq_crazy_yiuf_cottage, uniq_terence,
          uniq_robin
D:3:      layout_rooms, old_standard_altar
D:4:      layout_basic, serial_shops, shop, shop, nicolae_shop_trees, shop,
          first_ration
D:5:      layout_loops_corners, old_standard_altar, serial_bayou,
          serial_bayou_lagoon_b, serial_bayou_pond_b, serial_bayou_pond_a,
          serial_bayou_pond_b, serial_shops, nicolae_shop_stone

Skill      XL: |  1  2  3  4  5  6  7 |
---------------+----------------------+-----
Long Blades    | 3 4 5 6 |  6.7
Fighting       | 4 |  4.0
Shields        | 4 5 |  5.3
Dodging        | |  3.0

Action                   |  1- 3 |  4- 6 |  7- 9 || total
-------------------------+-------+-------+-------++-------
Melee: Long sword        |    66 |   101 |    42 ||   209
       Constrict         |    18 |    35 |     5 ||    58
       Tentacles         |     9 |    29 |     8 ||    46
  Use: Scroll            |     6 |     5 |       ||    11
       Potion            |       |     3 |     1 ||     4
 Stab: Sleeping          |     4 |     9 |     3 ||    16
  Eat: Chunk             |     1 |     8 |    12 ||    21
Armor: Skin              |     5 |     3 |     2 ||    10
Dodge: Dodged            |    31 |    46 |    19 ||    96
Block: Shield            |    26 |    35 |    18 ||    79
       Rpst.: Long sword |    12 |    14 |    10 ||    36

Table legend:
 A = Non-vault XP
 B = Vault XP
 C = Vault XP percentage of total XP
 D = Non-vault monster count
 E = Vault monster count
 F = Vault count percentage of total count
                 A         B        C        D         E       F
            +---------+---------+-------+---------+---------+-------
      Total |     703 |     347 |  33.0 |      82 |      18 |  18.0
            +---------+---------+-------+---------+---------+-------
        D:1 |      39 |       0 |   0.0 |      23 |       0 |   0.0
        D:2 |      36 |     115 |  76.2 |      12 |      14 |  53.8
        D:3 |     114 |       0 |   0.0 |      29 |       0 |   0.0
        D:4 |      28 |       0 |   0.0 |       5 |       0 |   0.0
        D:5 |     486 |     232 |  32.3 |      13 |       4 |  23.5
            +---------+---------+-------+---------+---------+-------
